Map: Ghost River LE

Players

Artem - Winner!

  • Race: Zerg Zerg
  • Spawn Location: 1:00

Nyck

  • Race: Terran Terran
  • Spawn Location: 11:00

VOD

Have the link to the VOD?

Description

Time

  • Played on: Oct. 9, 2024, 3:07 p.m.
  • Length: 5:44
Show
View Real Time Build Order
Export as new Build Order

Artem Zerg - Winner!

Build Orders: Pool First 

Get SALT Encoding   

  12  0:00  Drone  
  13  0:09  Drone  
  14  0:16  Overlord  
  14  0:34  Drone  
  14  0:35  Drone x2  
  17  0:47  Spawning Pool, Drone  
  17  0:56  Drone  
  18  1:07  Extractor  
  18  1:18  Drone x2  
  19  1:28  Overlord  
  19  1:33  Queen  
  19  1:39  Zergling x2  
  22  1:51  Zergling x2  
  23  2:07  Metabolic Boost  
  23  2:19  Drone x2  
  23  2:20  Roach Warren  
  24  2:30  Zergling x2  
  26  2:37  Drone  
  26  2:47  Zergling x4  
  26  2:48  Zergling x2  
  26  2:49  Hatchery  
  28  2:59  Overlord  
  28  3:15  Zergling x2  
  28  3:16  Zergling x2  
  30  3:24  Evolution Chamber  
  29  3:41  Roach x2  
  33  3:47  Roach  
  33  3:48  Roach  
  37  3:50  Zergling x2  
  37  4:17  Overlord  
  37  4:19  Drone  
  38  4:34  Queen  
  38  4:37  Roach  
  38  4:38  Roach x4  
  50  4:53  Overlord x2  
  50  4:58  Zergling x2  
  51  5:07  Extractor  
  50  5:20  Drone x3  
  53  5:26  Drone x3  
Show
View Real Time Build Order
Export as new Build Order

Nyck Terran 

Build Orders: Reaper Expand 

Get SALT Encoding   

  12  0:00  SCV  
  13  0:12  SCV  
  14  0:18  Supply Depot  
  14  0:24  SCV  
  15  0:39  SCV  
  15  0:41  Barracks  
  16  0:47  Refinery  
  16  0:51  SCV  
  17  1:03  SCV  
  18  1:16  SCV  
  19  1:31  Reaper  
  20  1:33  Command Center  
  20  1:38  Orbital Command  
  20  1:57  Supply Depot  
  20  2:05  SCV  
  21  2:12  Factory  
  21  2:16  Marine  
  21  2:17  SCV  
  23  2:24  Supply Depot  
  24  2:30  SCV  
  24  2:37  Marine  
  24  2:42  SCV  
  26  2:50  Orbital Command  
  25  2:56  Marine  
  26  3:01  Factory Reactor  
  26  3:05  Starport  
  26  3:06  SCV  
  26  3:10  Refinery  
  27  3:13  Orbital Command  
  27  3:25  SCV  
  28  3:37  SCV  
  28  3:39  SCV  
  30  3:43  Marine  
  31  3:50  SCV  
  31  3:51  SCV  
  33  3:56  Hellion  
  33  4:02  SCV  
  33  4:04  Medivac  
  33  4:07  Hellion  
  36  4:10  Supply Depot  
  35  4:27  Orbital Command  
  35  4:34  Hellion  
  35  4:35  Hellion  
  39  4:40  Medivac  
  39  4:41  Marine  
  42  4:52  SCV x2  
  44  4:58  Marine  
  45  5:01  Supply Depot  
  45  5:04  SCV  
  45  5:05  SCV  
  49  5:07  Widow Mine  
  49  5:11  Starport Tech Lab  
  49  5:16  SCV, Marine  
  49  5:17  SCV  
  52  5:24  Supply Depot  
  52  5:29  SCV x2  
Tags
 
Add a new tag
Caveats
  • Supply blocks, unpowered buildings, or Contaminate may cause inaccurate times.
  • Supply counts are checked every 10 seconds.